[Event "*** Titled Tuesday Blitz"]
[Site "Chess.com"]
[Date "2020.04.14"]
[Round "1"]
[White "FearNoEvil12"]
[Black "pedromartinez91"]
[Result "0-1"]
[WhiteElo "2051"]
[BlackElo "2527"]
[TimeControl "180+1"]
[EndTime "10:06:18 PDT"]
[Termination "pedromartinez91 won by resignation"]

1. e4 c5 2. Nc3 g6 3. f4 Bg7 4.
Nf3 Nc6 5. Bc4 e6 6. f5 Nge7 7. fxg6 fxg6 8. d3 O-O 9. O-O d5 10. Bb3 c4 11. dxc4 d4 12. Ne2 Na5 13. Qe1 Nec6 14.
Bg5 Qb6 15. Kh1 d3 16. cxd3 Nxb3 17. axb3 Qxb3 18. Rd1 Qxb2 19. Nf4 Bd7 20. Qh4 Ne5 21. Nxe5 Qxe5 22. d4 Qxe4 23. Rfe1 Qf5 24. g4 Qc2 25. d5 exd5 26. cxd5 Rae8 27. Be7 Rxf4 28. Qg3 Re4 29. d6 Rxe1+ 30. Rxe1 Bc6+ 31. Kg1 Bd4+ 32. Kf1 Bb5+ 0-1

[Event "*** Titled Tuesday Blitz"]
[Site "Chess.com"]
[Date "2020.04.14"]
[Round "1"]
[White "Bigfish1995"]
[Black "GM_RobertoMogranzini"]
[Result "1-0"]
[WhiteElo "3094"]
[BlackElo "2506"]
[TimeControl "180+1"]
[EndTime "10:06:19 PDT"]
[Termination "Bigfish1995 won by resignation"]

1. e4 c5 2. Nf3 Nc6 3. Bb5 g6 4. O-O Bg7 5. Re1 Nf6 6. Bxc6 bxc6 7. d3 Rb8 8. Nc3 O-O 9. h3 d6 10. e5 Nd5 11. Ne4 Bf5 12. Ng3 Bc8 13. b3 f6 14.
exd6 exd6 15. Bb2 Rb7 16. d4 f5 17. c4 Nb4 18. Qd2 Rd7 19. a3 Na6 20. dxc5 dxc5 21. Qc2 Bxb2 22. Qxb2 Nc7 23. Re5 Rd3 24. Rae1 f4 25. Ne4 Bf5 26. Nxc5 Rd1 27. Rxd1 Qxd1+ 28. Re1 Qd6 29. b4 Ne6 30. Nxe6 Bxe6 31. c5 Qd5 32. Qe5 Qxe5 33. Nxe5 Bd5 34. f3 a5 35. Nd7 Ra8 36. b5 Kf7 37. b6 1-0

[Event "*** Titled Tuesday Blitz"]
[Site "Chess.com"]
[Date "2020.04.14"]
[Round "1"]
[White "Fy_Rakotomaharo"]
[Black "YaWaleriy"]
[Result "1-0"]
[WhiteElo "2579"]
[BlackElo "2198"]
[TimeControl "180+1"]
[EndTime "10:06:19 PDT"]
[Termination "Fy_Rakotomaharo won by resignation"]

1. e4 e6 2. d4 d5 3. Nc3 Nf6 4. Bg5 dxe4 5. Nxe4 Be7 6. Bxf6 Bxf6 7. Nf3 O-O 8. c3 Nd7 9. Bd3 e5 10. O-O exd4 11. cxd4 c6 12. Re1 Nb6 13. Ne5 Be6 14.
Nc5 Bc8 15. a4 a5 16. Qc2 g6 17. Rad1 Bg7 18. Qb3 Qc7 19. h4 Nd5 20. Bc4 Rd8 21. h5 b6 22. Ne4 Bf5 23. Ng5 f6 24. hxg6 hxg6 25. g4 fxe5 26. gxf5 Qe7 27. Ne6 gxf5 28. Nxd8 Rxd8 29. dxe5 Qc5 30. Bxd5+ cxd5 31. e6 Bf6 32. Kf1 Kf8 33. Qg3 Ke7 34. Rc1 Qd6 35. Rc7+ 1-0

[Event "*** Titled Tuesday Blitz"]
[Site "Chess.com"]
[Date "2020.04.14"]
[Round "1"]
[White "annamaja"]
[Black "Szczor"]
[Result "0-1"]
[WhiteElo "2181"]
[BlackElo "2568"]
[TimeControl "180+1"]
[EndTime "10:06:19 PDT"]
[Termination "Szczor won by resignation"]

1. e4 c5 2. Nf3 d6 3. d4 cxd4 4.
Nxd4 Nf6 5. Nc3 a6 6. g3 e6 7. Bg2 Be7 8. O-O Nbd7 9. a4 Qc7 10.
Re1 Rb8 11. a5 b6 12. axb6 Nxb6 13. Na4 Nxa4 14. Rxa4 Bb7 15. b3 O-O 16. Bb2 Rfc8 17. c4 Nd7 18. f4 Bf6 19. Kh1 Nc5 20. Ra1 Nxb3 21. e5 Bxg2+ 22. Kxg2 Nxa1 23. Bxa1 dxe5 24. fxe5 Bxe5 25. Nxe6 Qc6+ 26. Kh3 Qxe6+ 27. Kg2 Qc6+ 28. Kh3 Bxa1 29. Qxa1 Re8 30. Rxe8+ Rxe8 31. Qd4 Qe6+ 0-1

[Event "*** Titled Tuesday Blitz"]
[Site "Chess.com"]
[Date "2020.04.14"]
[Round "1"]
[White "MasterKroket"]
[Black "pheonixking2000"]
[Result "0-1"]
[WhiteElo "2432"]
[BlackElo "2818"]
[TimeControl "180+1"]
[EndTime "10:06:21 PDT"]
[Termination "pheonixking2000 won by resignation"]

1. d4 d5 2. c4 e6 3. Nf3 Nf6 4. Nc3 c6 5. Bg5 h6 6. Bxf6 Qxf6 7. e3 Nd7 8. Rc1 g6 9. Bd3 Bg7 10. e4 dxc4 11. Bxc4 e5 12. d5 Nb6 13. dxc6 bxc6 14. Na4 O-O 15. Nxb6 axb6 16. O-O Qe7 17. Qb3 b5 18.
Be2 Be6 19. Qc2 Rfc8 20. a3 Rab8 21. Qc5 Qxc5 22. Rxc5 f6 23. Rfc1 Bd7 24. Ne1 Bf8 25.
R5c2 c5 26. Rd1 Be6 27. Rcd2 Bb3 28. Rc1 c4 29. Nc2 c3 30. bxc3 Rxc3 31. Bd1 Rbc8 32. h3 h5 33. Kh2 Bh6 34. Ne3 Rxc1 35. Bxb3+ Kh8 36. Be6 Bf4+ 37. g3 Bxe3 38. fxe3 R8c2 0-1

[Event "*** Titled Tuesday Blitz"]
[Site "Chess.com"]
[Date "2020.04.14"]
[Round "1"]
[White "Aronyak1"]
[Black "TengisChess"]
[Result "1-0"]
[WhiteElo "2735"]
[BlackElo "2383"]
[TimeControl "180+1"]
[EndTime "10:06:21 PDT"]
[Termination "Aronyak1 won by resignation"]

1. c4 Nf6 2. Nc3 g6 3. Nf3 Bg7 4. g3 O-O 5. Bg2 d6 6. O-O Nc6 7. Rb1 a5 8. d3 e5 9. a3 Nh5 10. b4 axb4 11. axb4 f5 12. b5 Nd4 13. Nxd4 exd4 14. Nd5 Ra2 15. Rb2 Ra1 16. Qc2 b6 17.
Ra2 Rxa2 18. Qxa2 Be6 19. Bd2 Bxd5 20. Bxd5+ Kh8 21. Bf3 Nf6 22. Ra1 Nd7 23. Qc2 Ne5 24.
Bd5 Qe7 25. Ra7 h6 26. Qa2 Kh7 27. Qa6 Ng4 28. Bf3 Ne5 29. Qxb6 Nxf3+ 30. exf3 Rf7 31. Qc6 Qe2 32. Ba5 Qxd3 33. b6 f4 34. g4 Re7 35. bxc7 Re2 36. c8=Q Qd1+ 37. Kg2 Rxf2+ 38. Kxf2 Qc2+ 39. Ke1 Qc1+ 40. Ke2 d3+ 41. Kxd3 Qd1+ 42. Bd2 Qf1+ 43. Kc2 Qa1 44. Rxa1 1-0

[Event "*** Titled Tuesday Blitz"]
[Site "Chess.com"]
[Date "2020.04.14"]
[Round "1"]
[White "Malev212"]
[Black "Shivagami"]
[Result "1-0"]
[WhiteElo "2552"]
[BlackElo "2126"]
[TimeControl "180+1"]
[EndTime "10:06:22 PDT"]
[Termination "Malev212 won by resignation"]

1. d4 Nf6 2. c4 c5 3. e3 e6 4. Nc3 cxd4 5. exd4 Bb4 6. Bd3 O-O 7. Ne2 d5 8. c5 Nc6 9. O-O e5 10. Bg5 Be6 11. a3 Ba5 12. b4 Bc7 13. Nb5 e4 14.
Bxf6 gxf6 15. Bc2 Bb8 16. f3 f5 17. fxe4 fxe4 18. Nf4 a6 19. Nc3 Qg5 20. g3 Bc7 21. Qd2 Bh3 22. Rf2 Rae8 23. Nxh3 Qg4 24. Qg5+ Qxg5 25. Nxg5 h6 26. Nxd5 Bd8 27. Nxe4 1-0

[Event "*** Titled Tuesday Blitz"]
[Site "Chess.com"]
[Date "2020.04.14"]
[Round "1"]
[White "MikeSailer"]
[Black "SaguriGuerra"]
[Result "0-1"]
[WhiteElo "2106"]
[BlackElo "2544"]
[TimeControl "180+1"]
[EndTime "10:06:22 PDT"]
[Termination "SaguriGuerra won by checkmate"]

1. d4 d6 2. Bf4 Nf6 3. e3 g6 4.
Nf3 Bg7 5. Be2 O-O 6. O-O c5 7.
c3 Be6 8. h3 Qb6 9. Qc1 Nc6 10.
Nbd2 Rac8 11. Nc4 Qa6 12. b3 cxd4 13. exd4 d5 14. Nd6 Qxe2 15. Nxc8 Rxc8 16. Re1 Qa6 17.
Ng5 Bf5 18. Qe3 h6 19. Nf3 Ne4 20. Bxh6 Qa5 21. Bxg7 Kxg7 22. c4 Nb4 23. cxd5 Nc2 24. Qf4 Nxa1 25. Qe5+ Nf6 26. Rxa1 Qxd5 27. Qxe7 Re8 28.
Qc7 Re2 29. Ne5 Ne4 30. f3 Ng5 31. Rd1 Be6 32. h4 Ne4 33. fxe4 Qxe4 34. Nf3 Qg4 35.
Qh2 Bd5 36. Rf1 Bxf3 37. Rxf3 Qxd4+ 38. Kf1 Qd1# 0-1

[Event "*** Titled Tuesday Blitz"]
[Site "Chess.com"]
[Date "2020.04.14"]
[Round "1"]
[White "lachesisQ"]
[Black "dragos420"]
[Result "1-0"]
[WhiteElo "3083"]
[BlackElo "2506"]
[TimeControl "180+1"]
[EndTime "10:06:23 PDT"]
[Termination "lachesisQ won by resignation"]

1. c4 e5 2. Nc3 Nf6 3. Nf3 Nc6 4.
e4 Bb4 5. d3 O-O 6. a3 Bxc3+ 7.
bxc3 d6 8. g3 h6 9. Bg2 Bg4 10.
O-O Qd7 11. Be3 b6 12. Qd2 Rad8 13. Nh4 Na5 14. f4 Nb3 15. Qc2 Nxa1 16. Rxa1 exf4 17. gxf4 Bh3 18. f5 Bxg2 19. Qxg2 Kh7 20. Kh1 Rde8 21.
Rg1 Rg8 22. Nf3 d5 23. cxd5 Nxd5 24. Bd4 Nf6 25. Ne5 Qe7 26. c4 Rd8 27. Ba1 Nh5 28.
Qf3 Qh4 29. Nxf7 Nf4 30. Nxd8 Rxd8 31. Rxg7+ 1-0

[Event "*** Titled Tuesday Blitz"]
[Site "Chess.com"]
[Date "2020.04.14"]
[Round "1"]
[White "ChesterF"]
[Black "nihalsarin"]
[Result "0-1"]
[WhiteElo "2504"]
[BlackElo "3061"]
[TimeControl "180+1"]
[EndTime "10:06:23 PDT"]
[Termination "nihalsarin won by resignation"]

1. e4 c5 2. Nf3 d6 3. d4 cxd4 4. Nxd4 Nf6 5. Nc3 a6 6. Be3 e5 7.
Nb3 Be6 8. h3 Be7 9. f4 exf4 10.
Bxf4 Nc6 11. Qe2 Nd7 12. O-O-O Nce5 13. Kb1 O-O 14. g4 Rc8 15. Qe3 Qc7 16. Qg3 b5 17.
Rh2 Rfe8 18. g5 Nb6 19. h4 Nec4 20. Bc1 Na3+ 21. bxa3 Qxc3 22. Qxc3 Rxc3 23. Bd2 Rcc8 24.
Bb4 d5 25. Nd4 Bxb4 26. axb4 dxe4 27. Nxe6 fxe6 28. Re2 Nd5 29. Kc1 Nc3 30. Re3 Nxd1 31. Kxd1 Red8+ 32. Ke1 Rxc2 33. Bh3 Rd4 34. Bxe6+ Kf8 35.
Bb3 Rh2 0-1

[Event "*** Titled Tuesday Blitz"]
[Site "Chess.com"]
[Date "2020.04.14"]
[Round "1"]
[White "Oleksandr_Bortnyk"]
[Black "volcanoexplorer"]
[Result "1-0"]
[WhiteElo "3037"]
[BlackElo "2504"]
[TimeControl "180+1"]
[EndTime "10:06:23 PDT"]
[Termination "Oleksandr_Bortnyk won on time"]

1. e4 e5 2. Bc4 Nf6 3. d3 c6 4. Nf3 d5 5. Bb3 Bd6 6. Nc3 d4 7. Ne2 O-O 8. Ng3 Nbd7 9. h4 Nc5 10. h5 Nxb3 11. axb3 Bg4 12. h6 g6 13. Bg5 Bb4+ 14. Kf1 Be7 15. Rh4 Bxf3 16. Qxf3 Nd7 17. Bxe7 Qxe7 18. Rh3 Kh8 19. Qg4 Nf6 20. Qg5 Nd5 21.
Qxe7 Nxe7 22. Ra5 f6 23. Ne2 a6 24. f4 b6 25. Ra1 c5 26. Ke1 Nc6 27. Kd2 f5 28.
exf5 Rxf5 29. g4 Rf6 30. Rf3 a5 31. Re1 Raf8 32. c3 1-0

[Event "*** Titled Tuesday Blitz"]
[Site "Chess.com"]
[Date "2020.04.14"]
[Round "1"]
[White "kingnb"]
[Black "Lestofante90"]
[Result "0-1"]
[WhiteElo "2405"]
[BlackElo "2777"]
[TimeControl "180+1"]
[EndTime "10:06:24 PDT"]
[Termination "Lestofante90 won by checkmate"]

1. e4 e6 2. d4 d5 3. Nd2 dxe4 4. Nxe4 Nd7 5. Nf3 Ngf6 6. Bd3 c5 7. c3 cxd4 8. Nxd4 Nc5 9. Nxc5 Bxc5 10. O-O Bxd4 11.
Qa4+ Ke7 12. cxd4 Re8 13. Bb5 Nd5 14. Bxe8 Qxe8 15. Qxe8+ Kxe8 16. Bd2 b6 17. Rac1 Kd7 18.
f4 Ba6 19. Rf3 Be2 20. Ra3 a5 21. Kf2 Bb5 22. Rf3 g6 23. g4 Ne7 24. Rh3 h5 25. gxh5 gxh5 26. Rxh5 Nf5 27. Bc3 Bc4 28. a3 Bd5 29. Re1 Nd6 30. Rhe5 Rh8 31. R5e2 Rxh2+ 32. Kg3 Rh7 33. Rh2 Nf5+ 34. Kg4 Rxh2 35. Kg5 Ke7 36. Re5 Rg2+ 37. Kh5 Bf3# 0-1

[Event "*** Titled Tuesday Blitz"]
[Site "Chess.com"]
[Date "2020.04.14"]
[Round "1"]
[White "ajian"]
[Black "SGchess01"]
[Result "0-1"]
[WhiteElo "2368"]
[BlackElo "2714"]
[TimeControl "180+1"]
[EndTime "10:06:25 PDT"]
[Termination "SGchess01 won on time"]

1. d4 a6 2. Nf3 Nf6 3. c4 e6 4. Nc3 d5 5. cxd5 exd5 6. Bg5 Be6 7. e3 h6 8. Bh4 Nbd7 9. Bd3 Bd6 10. O-O c6 11. a3 Qc7 12. Rc1 O-O 13. b4 Bg4 14.
Bg3 Bxg3 15. hxg3 Rfe8 16. a4 Qd6 17. Qb3 b5 18. a5 h5 19. Ne2 Ne4 20. Rc2 g6 21. Rfc1 Rac8 22. Nh2 Kg7 23. f3 Nxg3 24. fxg4 Rxe3 25. gxh5 Rh8 26. Rxc6 Nxe2+ 27. Bxe2 Qxh2+ 28. Kxh2 Rxb3 29. Rxa6 Rxb4 30. Ra7 Nf6 31. Rcc7 Nxh5 32. Rxf7+ Kh6 33. Bf3 Kg5 34. Kg1 Nf4 35. Rad7 Rxd4 36. a6 Ra4 37. a7 d4 38. Kf2 d3 39. Ke3 Ra3 40. a8=Q Rhxa8 41. Bxa8 d2+ 42. Kxd2 Rxa8 43. Rd4 Ra2+ 44. Ke3 Nxg2+ 45. Kf3 Nh4+ 0-1

[Event "*** Titled Tuesday Blitz"]
[Site "Chess.com"]
[Date "2020.04.14"]
[Round "1"]
[White "Jagerrmeisterr"]
[Black "Everyfishknows"]
[Result "1-0"]
[WhiteElo "2695"]
[BlackElo "2345"]
[TimeControl "180+1"]
[EndTime "10:06:26 PDT"]
[Termination "Jagerrmeisterr won by resignation"]

1. e4 e5 2. Nc3 Nf6 3. g3 Nc6 4.
Bg2 Bc5 5. d3 O-O 6. Nge2 d6 7.
O-O a6 8. h3 Be6 9. Kh2 d5 10.
f4 dxe4 11. f5 exd3 12. fxe6 dxe2 13. exf7+ Rxf7 14. Qxe2 Kh8 15. Qc4 Qf8 16. Ne4 Bd6 17.
Ng5 Re7 18. Qh4 Nd4 19. Bxb7 Rb8 20. Be4 h6 21. Kg2 Kg8 22. c3 Ne6 23. Nxe6 Rxe6 24.
Bd5 Nxd5 25. Rxf8+ Rxf8 26. Qc4 c6 27. Qxc6 Ne7 28.
Qc4 Rf6 29. Bd2 Kh7 30. Rf1 Rxf1 31. Kxf1 Rf6+ 32. Kg2 Nf5 33. Qe4 Kg8 34. b4 g6 35. a4 h5 36. Bg5 Rf7 37. g4 hxg4 38. hxg4 Ne7 39. Bxe7 Bxe7 40. Qxg6+ Rg7 41. Qxa6 Kh7 42.
Qe6 Rg6 43. Qxe7+ Kh6 44. Qh4+ Kg7 45. a5 Rh6 46. Qxh6+ Kxh6 47. a6 Kg5 48. a7 e4 49.
a8=Q Kxg4 1-0

[Event "*** Titled Tuesday Blitz"]
[Site "Chess.com"]
[Date "2020.04.14"]
[Round "1"]
[White "vlad_Sid"]
[Black "Sueetin"]
[Result "1-0"]
[WhiteElo "2649"]
[BlackElo "2301"]
[TimeControl "180+1"]
[EndTime "10:06:26 PDT"]
[Termination "vlad_Sid won by resignation"]

1. c4 Nf6 2. g3 e6 3. Bg2 d5 4.
Nf3 Be7 5. O-O O-O 6. d4 Nbd7 7. Qc2 c6 8. Nc3 b6 9. Nd2 Bb7 10. e4 dxe4 11. Ndxe4 Nxe4 12. Nxe4 Nf6 13. Rd1 Rc8 14. c5 Ba6 15. Be3 Qc7 16. Bf4 Qb7 17. Rac1 Nd5 18. Bd6 Rfd8 19. a3 Bf6 20. Be5 Be7 21. h4 Bf8 22.
Bd6 Qd7 23. b4 Bb5 24. Re1 h6 25. Bxf8 Rxf8 26. Nd6 Rc7 27. Re5 Qe7 28. Rce1 Qf6 29. Kh2 Ba6 30. f4 Rd8 31. f5 Rxd6 32. cxd6 Rc8 33.
fxe6 fxe6 34. Rxe6 Qf8 35. Bxd5 cxd5 36. Qxc8 Qxc8 37.
Re8+ Kf7 1-0

[Event "*** Titled Tuesday Blitz"]
[Site "Chess.com"]
[Date "2020.04.14"]
[Round "1"]
[White "MaximDlugy"]
[Black "gvanna"]
[Result "1-0"]
[WhiteElo "2900"]
[BlackElo "2482"]
[TimeControl "180+1"]
[EndTime "10:06:27 PDT"]
[Termination "MaximDlugy won by resignation"]

1. d4 d5 2. Bf4 Nf6 3. e3 Nbd7 4. Nf3 Nh5 5. Bg5 h6 6. Bh4 g5 7. Bg3 Nxg3 8. hxg3 Bg7 9. c4 e6 10. Nc3 c6 11. Qc2 b6 12. Be2 Bb7 13. Rd1 Rc8 14.
b4 Qe7 15. c5 e5 16. Qf5 exd4 17. Nxd4 Qe5 18. Bg4 Rd8 19. Qxe5+ Nxe5 20. Be2 Bf8 21. Na4 Nd7 22. Rc1 Rc8 23. f4 Be7 24. Nf5 gxf4 25. gxf4 bxc5 26. bxc5 Bf8 27. g4 Nf6 28. g5 Ne4 29. gxh6 Rc7 30. Bf3 Nf6 31. Nd6+ Bxd6 32. cxd6 Rc8 33. Nc5 Ba8 34. Bg4 Rd8 35. d7+ Ke7 36.
Bf5 Kd6 37. h7 a5 38. Rh6 Ke7 39. Rb1 Kf8 40. Rxf6 Kg7 41. Rd6 1-0

[Event "*** Titled Tuesday Blitz"]
[Site "Chess.com"]
[Date "2020.04.14"]
[Round "1"]
[White "INLOVEWITHF"]
[Black "Playgood28"]
[Result "1-0"]
[WhiteElo "2559"]
[BlackElo "2160"]
[TimeControl "180+1"]
[EndTime "10:06:28 PDT"]
[Termination "INLOVEWITHF won on time"]

1. e4 e5 2. Nf3 d6 3. d4 exd4 4. Nxd4 Nf6 5. Nc3 Be7 6. g3 d5 7.
e5 Ng4 8. f4 c5 9. Nde2 d4 10. Ne4 Nc6 11. h3 Nh6 12. Bg2 O-O 13. O-O f6 14. exf6 Bxf6 15. Qd3 Be7 16. Nxc5 Kh8 17.
Qb5 Qc7 18. Ne4 Nf5 19. g4 Nd6 20. Nxd6 Bxd6 21. f5 a6 22. Qc4 Qb6 23. Kh1 Bd7 24.
Qd5 Qc7 25. Bf4 Bxf4 26. Nxf4 Rad8 27. Qc5 b6 28. Qc4 Qd6 29. Rad1 b5 30. Qd5 Qxd5 31. Bxd5 Nb4 32. Bb3 a5 33. a3 a4 34. axb4 axb3 35. cxb3 Bc6+ 36. Kh2 Rfe8 37. Ne6 1-0

[Event "*** Titled Tuesday Blitz"]
[Site "Chess.com"]
[Date "2020.04.14"]
[Round "1"]
[White "elefante38"]
[Black "Winehouse83"]
[Result "0-1"]
[WhiteElo "2805"]
[BlackElo "2450"]
[TimeControl "180+1"]
[EndTime "10:06:30 PDT"]
[Termination "Winehouse83 won by resignation"]

1. Nf3 Nf6 2. c4 e6 3. g3 b6 4. Bg2 Bb7 5. O-O Be7 6. d4 d5 7. cxd5 exd5 8. Nc3 O-O 9. Bf4 c6 10. Rc1 Nbd7 11. Qc2 Re8 12. Ne5 Nf8 13. e4 Ne6 14. Be3 c5 15. Nxd5 cxd4 16. Bd2 Nxd5 17. exd5 Bxd5 18. Nc6 Bxc6 19. Bxc6 Rc8 20. Qf5 Rf8 21. h4 d3 22. Bg2 g6 23. Qe4 Rxc1 24. Rxc1 Bf6 25. b3 Re8 26. Qc4 Nd4 27. Rd1 Ne2+ 28. Kh1 Qd4 29. Be3 Qxc4 30. bxc4 Nxg3+ 31. Kh2 Nf5 32.
Bg5 Bxg5 33. hxg5 Rd8 34. Be4 d2 35. Bd5 Nd4 36. Kg2 Ne6 37. Rxd2 Nxg5 38. Re2 Rd7 39. Re8+ Kg7 40. f4 Ne6 41. Kf3 Nc7 42. Ra8 Nxd5 43. cxd5 Rxd5 44. Rxa7 Ra5 45. Rxa5 bxa5 46. Kg4 h5+ 0-1

[Event "*** Titled Tuesday Blitz"]
[Site "Chess.com"]
[Date "2020.04.14"]
[Round "1"]
[White "Aryangholami"]
[Black "Larax"]
[Result "1-0"]
[WhiteElo "2746"]
[BlackElo "2389"]
[TimeControl "180+1"]
[EndTime "10:06:30 PDT"]
[Termination "Aryangholami won by resignation"]

1. Nf3 Nf6 2. d4 g6 3. Bg5 Ne4 4. Bh4 Bg7 5. Nbd2 d5 6. e3 c5 7.
c3 Nc6 8. Nxe4 dxe4 9. Nd2 f5 10.
Bc4 Qd6 11. Bb3 Be6 12. Bg3 Qd7 13. dxc5 Rd8 14. Qe2 O-O 15. O-O Bxb3 16. Nxb3 e5 17. Rfd1 Qe6 18. Bh4 Bf6 19. Bxf6 Qxf6 20. Qc4+ Kg7 21.
h3 h5 22. Qb5 Qf7 23. Rd6 Rxd6 24. cxd6 Rd8 25. Rd1 Nb8 26. Qa5 Nc6 27. Qb5 Kf6 28. Nc5 b6 29. Nxe4+ fxe4 30. Qxc6 Qe6 31. a4 h4 32. Qxe4 Rxd6 33. Qxh4+ Kg7 34. Rxd6 Qxd6 35. Qe4 Qd1+ 36. Kh2 Qd2 37. Qxe5+ Kh6 38. Qf4+ Kg7 39. Qd4+ Kh6 40. Qxd2 1-0

[Event "*** Titled Tuesday Blitz"]
[Site "Chess.com"]
[Date "2020.04.14"]
[Round "1"]
[White "Andrei_Belozerov"]
[Black "inegrepus"]
[Result "1-0"]
[WhiteElo "2643"]
[BlackElo "2296"]
[TimeControl "180+1"]
[EndTime "10:06:30 PDT"]
[Termination "Andrei_Belozerov won by resignation"]

1. e4 e6 2. d4 d5 3. Nd2 dxe4 4.
Nxe4 Nd7 5. Nf3 Ngf6 6. Nxf6+ Nxf6 7. g3 b6 8. Bb5+ Bd7 9. a4 a6 10. Be2 Bc6 11. O-O Be7 12. Ne5 Bb7 13. Bf3 Bxf3 14. Qxf3 Qd5 15. Kg2 O-O 16. Rd1 Rad8 17. c4 Qxf3+ 18.
Kxf3 c5 19. Nc6 Rd7 20. Be3 Rc8 21. Nxe7+ Rxe7 22. Ra3 h6 23. dxc5 bxc5 24. Rb3 Rd7 25. Rxd7 Nxd7 26. Ke2 Ne5 27. Rc3 g5 28. f4 Ng4 29. fxg5 Nxh2 30. gxh6 Ng4 31. Bd2 Kh7 32. Rd3 Nxh6 33. Rd6 Nf5 34. Rxa6 Nxg3+ 35. Kf3 Nf5 36. a5 Nd4+ 37. Kf4 Kg6 38. Rb6 Ra8 39.
a6 f6 40. Bc3 e5+ 41. Ke4 Nf5 42. Bxe5 Ng3+ 43. Bxg3 1-0

[Event "*** Titled Tuesday Blitz"]
[Site "Chess.com"]
[Date "2020.04.14"]
[Round "1"]
[White "Leo_C"]
[Black "mirciulica14"]
[Result "0-1"]
[WhiteElo "2266"]
[BlackElo "2616"]
[TimeControl "180+1"]
[EndTime "10:06:31 PDT"]
[Termination "mirciulica14 won by resignation"]

1. d4 Nf6 2. c4 e6 3. Nc3 Bb4 4. Qc2 d6 5. Nf3 O-O 6. g3 b6 7. Bg2 Bb7 8. O-O Bxc3 9. Qxc3 Nbd7 10. Bg5 h6 11. Bd2 Ne4 12. Qc2 Nxd2 13. Qxd2 Nf6 14. Rac1 Qe7 15. c5 dxc5 16. dxc5 Ne4 17. Qc2 Nxc5 18. b4 Na6 19. Ng5 Qxg5 20. Bxb7 Nxb4 21. Qxc7 Rae8 22. Bf3 Re7 23. Qc4 Qa5 24. a3 Nd5 25. Bxd5 exd5 26. Qb4 Qxb4 27. axb4 Rxe2 28. Rc7 Rb2 29.
Rxa7 Rxb4 30. Rd7 d4 31. Rd1 b5 32. R7xd4 Rxd4 33. Rxd4 Rb8 34. Rb4 g5 35. h4 Kg7 36.
hxg5 hxg5 37. Kg2 Kf6 38. Kf3 Ke5 39. Kg4 f6 40. f4+ gxf4 41. gxf4+ Ke6 42. Re4+ Kd5 43. Rb4 Kc5 44. Rb1 b4 45. Kf5 Rb6 46. Kg6 b3 47. f5 Kc4 48. Rh1 b2 49. Rh4+ Kb3 50. Rh3+ Ka2 51. Rh2 Ka1 0-1

[Event "*** Titled Tuesday Blitz"]
[Site "Chess.com"]
[Date "2020.04.14"]
[Round "1"]
[White "mshuaau0"]
[Black "Flawless_Fighter"]
[Result "0-1"]
[WhiteElo "2213"]
[BlackElo "2588"]
[TimeControl "180+1"]
[EndTime "10:06:31 PDT"]
[Termination "Flawless_Fighter won by resignation"]

1. e4 c6 2. d4 d5 3. e5 Bf5 4. h4 h5 5. Bd3 Bxd3 6. Qxd3 Qa5+ 7. Nd2 e6 8. Ne2 Nh6 9. Ng3 Nd7 10. O-O Be7 11.
c4 Bxh4 12. Nxh5 Nf5 13. Nf4 Bg5 14. Nb3 Qa6 15. Nxe6 fxe6 16. Bxg5 dxc4 17. Qe4 cxb3 18.
g4 Ne7 19. f4 Qc4 20. axb3 Qxb3 21. f5 Qg3+ 22. Qg2 Qxg2+ 23. Kxg2 exf5 24. gxf5 Nd5 25.
e6 N7f6 26. Bxf6 gxf6 27. Rh1 Ke7 28. Kf3 Rxh1 29. Rxh1 Kd6 30. Rh7 Ne7 31. Ke4 Rg8 32.
Rf7 Rg4+ 33. Kf3 Rg5 34. Kf4 Rxf5+ 35. Ke4 Rf1 36. Rf8 Kxe6 37. Rb8 b5 38. Rb7 Rb1 39.
Rxa7 Rxb2 40. Ra6 f5+ 41. Kf4 Rf2+ 42. Ke3 Rh2 43. Kd3 Rh3+ 44. Kc2 Kd5 45. Ra7 Nc8 46. Rd7+ Nd6 47. Kb2 f4 48. Rd8 f3 49. Rf8 Rh2+ 50. Kc3 f2 51. Kd3 b4 52. Ke3 b3 53. Ke2 b2 54. Rb8 Nb5 0-1

[Event "*** Titled Tuesday Blitz"]
[Site "Chess.com"]
[Date "2020.04.14"]
[Round "1"]
[White "MergenKakabaev"]
[Black "MikaelyanArman"]
[Result "0-1"]
[WhiteElo "2440"]
[BlackElo "2831"]
[TimeControl "180+1"]
[EndTime "10:06:32 PDT"]
[Termination "MikaelyanArman won by resignation"]

1. e4 d5 2. exd5 Qxd5 3. Nc3 Qd8 4. d4 Nf6 5. Bc4 g6 6. Nf3 Bg7 7. O-O O-O 8. h3 a6 9. a4 Nc6 10. Be3 e6 11. Qd2 b6 12. Rad1 Bb7 13. Bh6 Ne7 14. Ne5 Nf5 15. Bxg7 Kxg7 16. Bb3 c5 17. dxc5 Qc7 18.
c6 Bxc6 19. Nxc6 Qxc6 20. Rfe1 Rfd8 21. Qxd8 Rxd8 22. Rxd8 Nh4 23. f3 Qc5+ 24. Kf1 Qg5 25. Re2 Nh5 26. Ne4 Ng3+ 27. Nxg3 Qxd8 28. Ne4 Nf5 29.
Rd2 Qc7 30. Kf2 h5 31. g4 Qh2+ 32. Ke1 Qg1+ 33. Ke2 Nd4+ 34. Kd3 Nxf3 35. Rf2 hxg4 36. hxg4 Qxg4 37. Ke3 Ng5 38. Nf6 Qg3+ 39. Ke2 Qe5+ 40. Kf1 Qxb2 0-1

[Event "*** Titled Tuesday Blitz"]
[Site "Chess.com"]
[Date "2020.04.14"]
[Round "1"]
[White "kaumandur01"]
[Black "Andro2"]
[Result "1-0"]
[WhiteElo "2792"]
[BlackElo "2418"]
[TimeControl "180+1"]
[EndTime "10:06:33 PDT"]
[Termination "kaumandur01 won by resignation"]

1. e4 c6 2. d4 d5 3. e5 Bf5 4. Nf3 e6 5. Be2 Ne7 6. O-O Nd7 7. Nbd2 h6 8. Nb3 Ng6 9. a4 a6 10. a5 f6 11. exf6 Nxf6 12. Bd3 Bd6 13. Re1 O-O 14. Ne5 Bxe5 15. dxe5 Nd7 16. Bxf5 Rxf5 17. f4 Qe7 18. Nd4 Rff8 19. Qg4 Kh7 20. Nxe6 Rfe8 21. Nd4 Qc5 22. Be3 Qb4 23. Qxd7 Re7 24. Qg4 Qxb2 25. e6 Rf8 26. f5 Ne5 27. Qg3 Nc4 28. Bf2 Qxc2 29.
Nxc2 1-0

[Event "*** Titled Tuesday Blitz"]
[Site "Chess.com"]
[Date "2020.04.14"]
[Round "1"]
[White "quesfr"]
[Black "Gennady_Kozlov"]
[Result "0-1"]
[WhiteElo "2207"]
[BlackElo "2584"]
[TimeControl "180+1"]
[EndTime "10:06:33 PDT"]
[Termination "Gennady_Kozlov won by resignation"]

1. e4 e6 2. d4 d5 3. exd5 exd5 4.
Nf3 Bd6 5. c4 c6 6. Nc3 Ne7 7.
cxd5 cxd5 8. Ne5 O-O 9. Bd3 Nbc6 10. Nxc6 bxc6 11. O-O Bf5 12. Re1 Bxd3 13. Qxd3 Ng6 14. Bd2 Qh4 15. g3 Qh3 16. Qf1 Qg4 17. Be3 Nh4 18. Red1 Nf3+ 19. Kh1 Rab8 20. b3 Rbe8 21. Qg2 h5 22. Rd3 Qf5 23. Rad1 g5 24. Na4 g4 25.
Rc3 h4 26. Rxc6 Re6 27. Nc5 Bxc5 28. Rxe6 fxe6 29. dxc5 h3 30. Qf1 e5 31. Qd3 d4 32.
Qxf5 Rxf5 33. Bc1 e4 34. c6 Rc5 35. Bb2 Rxc6 36. b4 d3 37. Rc1 d2 38. Rd1 Rc2 39. Bd4 Rc1 0-1

[Event "*** Titled Tuesday Blitz"]
[Site "Chess.com"]
[Date "2020.04.14"]
[Round "1"]
[White "Denis_Makhnyov"]
[Black "Matveev_Vladimir"]
[Result "1-0"]
[WhiteElo "2862"]
[BlackElo "2460"]
[TimeControl "180+1"]
[EndTime "10:06:34 PDT"]
[Termination "Denis_Makhnyov won by resignation"]

1. d4 Nf6 2. c4 g6 3. g3 Bg7 4. Bg2 O-O 5. Nc3 d6 6. Nf3 Nc6 7. O-O Bf5 8. Ng5 a6 9. e4 Bd7 10.
d5 Na5 11. Qe2 c5 12. dxc6 Nxc6 13. Rd1 Rc8 14. h3 Ne5 15. b3 b5 16. f4 Nc6 17. cxb5 axb5 18. Rb1 b4 19. Na4 Qc7 20. Be3 Rb8 21. Bf2 h6 22. Nf3 Na5 23. Rbc1 Qd8 24. e5 Ne8 25. Nb2 Rc8 26. Qe1 Rxc1 27. Rxc1 Nc6 28.
Nd3 Qb8 29. e6 fxe6 30. Nh4 Nd4 31. Nxg6 Rf7 32. Kh1 d5 33. Nge5 1-0

[Event "*** Titled Tuesday Blitz"]
[Site "Chess.com"]
[Date "2020.04.14"]
[Round "1"]
[White "Agent-JL"]
[Black "AlexandraSamaganova"]
[Result "1-0"]
[WhiteElo "2563"]
[BlackElo "2168"]
[TimeControl "180+1"]
[EndTime "10:06:34 PDT"]
[Termination "Agent-JL won on time"]

1. Nf3 c5 2. b3 Nf6 3. Bb2 e6 4. g3 b6 5. Bg2 Bb7 6. O-O Be7 7.
c4 O-O 8. Nc3 d6 9. d4 cxd4 10. Nxd4 Bxg2 11. Kxg2 d5 12. cxd5 Nxd5 13. Rc1 Na6 14. Qd2 Bb4 15. Nc6 Qd6 16. Nxb4 Qxb4 17.
Rfd1 Nxc3 18. Bxc3 Qe4+ 19. f3 Qf5 20. Qd4 f6 21. e4 Qb5 22. Qd6 Qe2+ 23. Kh3 Qxf3 24. Qxe6+ Kh8 25. Qf5 Qe3 26. Bd4 Qh6+ 27. Kg2 Rad8 28.
Bc3 Nc5 29. Qf3 Qg6 30. Bb4 Rxd1 31. Rxd1 h6 32. Bxc5 bxc5 33. Rc1 Qg5 34. Qf4 Qh5 35. g4 1-0